Workbook

Sheet Sales Forcast
B3: Sales Forcast
B4: For Years 2021-2023
C6: Sales in Units | D6: Price | E6: Inflow of Cash
A7: Year 1 (2020) | C7: 10000 | D7: =35*2 -> 70 | E7: =C7*D7 -> 700000
A9: Year 2 (2021) | C9: =E9/D9 -> 12187.5 | D9: =32*2 -> 64 | E9: 780000
A11: Year 3 (2022) | C11: =E11/D11 -> 15000 | D11: =30*2 -> 60 | E11: 900000
D13: Avg Sales Price

Sheet Income Statement (Pro Forma)
B3: Pro Forma Income Statement
B4: For the year ended December 31st, 2022
E6: 2022 | F6: 2021 | G6: 2020
B7: Revenue: | E7: ='Sales Forcast'!E11 -> 900000 | F7: ='Sales Forcast'!E9 -> 780000 | G7: ='Sales Forcast'!E7 -> 700000
B8: Sales (Based on Research)
B10: Cost of Goods Sold:
B11: Materials | E11: 50000 | F11: 50000 | G11: =I11+50000 -> 115000 | H11: Building Cost = | I11: 65000
B12: Labor | E12: 150000 | F12: 125000 | G12: 100000 | I12: =I11-F19 -> 62725
B13: Overhead | E13: =100000 -> 100000 | F13: =G13 -> 50000 | G13: 50000 | H13: Depreciation | I13: 0.035
B14: Gross Profit: | E14: =E7-E11-E12-E13 -> 600000 | F14: =F7-F11-F12-F13 -> 555000 | G14: =G7-G11-G12-G13 -> 435000
B16: Operating Expenses:
B17: Selling Expense | E17: 30000 | F17: 27000 | G17: 25000
B18: General/Admin Expense | E18: 100000 | F18: 100000 | G18: 45000
B19: Depreciation Expense | E19: =I12*0.035 -> 2195.375 | F19: =I11*0.035 -> 2275 | G19: 0
B20: Fixture Expense | E20: 0 | F20: 0 | G20: 35000
B22: EBIT | E22: =E14-E17-E18-E19-E20 -> 467804.62 | F22: =F14-F17-F18-F19-F20 -> 425725 | G22: =G14-G17-G18-G19-G20 -> 330000
B23: Taxes on the Income (30%) | E23: =E22*0.3 -> 140341.39 | F23: =F22*0.3 -> 127717.5 | G23: =G22*0.3 -> 99000
B24: Net Income | E24: =E22-E23 -> 327463.24 | F24: =F22-F23 -> 298007.5 | G24: =G22-G23 -> 231000
B25: Shares Outstanding | E25: 2000 | F25: 1000 | G25: 0
B26: EPS | E26: =E24/E25 -> 163.73162 | F26: =F24/F25 -> 298.0075 | G26: =G25 -> 0

Sheet Statement of Cash Flows
B3: Statement of Cash Flows
B4: For the year ending December 31st, 2020
D6: 2020
B7: Cash Flows from Operating Activities
B8: Net Income | D8: ='Income Statement (Pro Forma)'!G24 -> 231000
B9: Add: Depreciation | D9: ='Income Statement (Pro Forma)'!G19 -> 0
B10: Increase in Cash | D10: =-('Balance Sheet'!G9) -> -20000
B11: Increase in Inventory | D11: =-'Balance Sheet'!G11 -> -15000
B12: Increase in Supplies | D12: =-'Balance Sheet'!G12 -> -15000
B13: Increase in Prepaid Insurance | D13: =-'Balance Sheet'!G13 -> -300
B14: Cash Flows Used from Operating Activities | D14: =SUM(D8+D9+D10+D11+D12+D13) -> 180700
B16: Cash Flows from Investing Activites
B17: Increase in Building | D17: =-'Balance Sheet'!G17 -> -100000
B18: Cash Flows Used from Investing Activites | D18: =D17 -> -100000
B20: Cash Flows from Financing Activities
B21: Cash Flows from Financing Activities | D21: 0
B23: Increase (decrease) in Cash | D23: =D14+D18+D21 -> 80700
B24: Cash Balance January 1, 2020 | D24: 0
B25: Cash Balance December 31st, 2020 | D25: =D24+D23 -> 80700

Sheet Balance Sheet
B3: Balance Sheet
B4: As of December 31st, 2022
E6: 2022 | F6: 2021 | G6: 2020
B7: Assets:
B8: Current Assets:
B9: Cash | E9: 300000 | F9: 150000 | G9: 20000
B10: Accounts Recievable | E10: 25000 | F10: 25000 | G10: 0
B11: Inventory | E11: 20000 | F11: 20000 | G11: 15000
B12: Supplies | E12: 15000 | F12: 15000 | G12: 15000
B13: Prepaid Insurance | E13: =25*12 -> 300 | F13: =25*12 -> 300 | G13: =25*12 -> 300
B14: Total Current Assets | E14: =SUM(E9:E13) -> 360300 | F14: =SUM(F9:F13) -> 210300 | G14: =SUM(G9:G13) -> 50300
B16: Other Assets
B17: Building / Fixtures | E17: 0 | F17: 0 | G17: ='Income Statement (Pro Forma)'!I11+'Income Statement (Pro Forma)'!G20 -> 100000
B18: Amortized Depreciation | E18: ='Income Statement (Pro Forma)'!E19 -> 2195.375 | F18: ='Income Statement (Pro Forma)'!F19 -> 2275 | G18: ='Income Statement (Pro Forma)'!G19 -> 0
B20: Total Assets | E20: =SUM(E9+E10+E11+E12+E13+E14+E17-E18) -> 718404.62 | F20: =SUM(F9+F10+F11+F12+F13+F14+F17-F18) -> 418325 | G20: =SUM(G9+G10+G11+G12+G13+G14+G17-G18) -> 200600
B22: Liabilities:
B23: Current Liabilities:
B24: Note Payable | E24: 0 | F24: 0 | G24: 10000
B25: Accounts Payable | E25: 15000 | F25: 0 | G25: 15000
B26: Wages Payable | E26: 25000 | F26: 25000 | G26: 20000
B27: Property & Personal Taxes Payable | E27: ='Income Statement (Pro Forma)'!E23 -> 140341.39 | F27: ='Income Statement (Pro Forma)'!F23 -> 127717.5 | G27: ='Income Statement (Pro Forma)'!G23 -> 99000
B28: Total Current Liabilities | E28: =SUM(E24:E27) -> 180341.39 | F28: =SUM(F24:F27) -> 152717.5 | G28: =SUM(G24:G27) -> 144000
B30: Other Liabilities
B31: Loan Payable | E31: 0 | F31: 25000 | G31: 25000
B33: Total Liabilities | E33: =SUM(E24+E25+E26+E27+E28+E31) -> 360682.77 | F33: =SUM(F24+F25+F26+F27+F28+F31) -> 330435 | G33: =SUM(G24+G25+G26+G27+G28+G31) -> 313000
B35: Stockholder's Equity:
B36: Common Stock | E36: =E20-E33-E37 -> 97266.112 | F36: =F20-F33-F37 -> 20882.5 | G36: =G20-G33-G37 -> -343400
B37: Retained Earnings | E37: ='Income Statement (Pro Forma)'!E24-'Balance Sheet'!F37 -> 260455.74 | F37: ='Income Statement (Pro Forma)'!F24-'Balance Sheet'!G37 -> 67007.5 | G37: ='Income Statement (Pro Forma)'!G24 -> 231000
B39: Total Stockholder's Equity | E39: =SUM(E36:E37) -> 357721.85 | F39: =SUM(F36:F37) -> 87890 | G39: =SUM(G36:G37) -> -112400
B41: Total Liabilities & Stockholder's Equity | E41: =SUM(E33+E39) -> 718404.62 | F41: =F33+F39 -> 418325 | G41: =SUM(G33+G39) -> 200600

Sheet Breakeven Analysis
B2: Breakeven: | C2: FC / CM (Sales price per unit - VC)
C3: Fixed Costs/Contribution Margin
B5: Fixed Cost | C5: 50
B6: Sales Price per unit (average) | C6: 65
B7: Variable Cost | C7: 30
B9: Calculation: | C9: =C5/(C6-C7) -> 1.4285714
B11: *Explanation in Word Document*

Sheet Financial Ratios
A1: Based on 2020
A3: Profitability Ratios | D3: Debt Utilization Ratios | G3: Liquidity Ratios | J3: Asset Utilization Ratios
D4: Debt to Assets | E4: ='Balance Sheet'!G33/'Balance Sheet'!G14 -> 6.222664 | G4: Current Ratio | H4: ='Balance Sheet'!G14/'Balance Sheet'!G28 -> 0.34930556 | J4: Inv Turnover | K4: ='Income Statement (Pro Forma)'!G14/'Balance Sheet'!G11 -> 29
A5: Profit Margin | B5: ='Income Statement (Pro Forma)'!G8-'Income Statement (Pro Forma)'!G14/'Income Statement (Pro Forma)'!G8 -> #DIV/0!
A8: Return on Equity | B8: ='Income Statement (Pro Forma)'!G24/'Balance Sheet'!G39 -> -2.0551601
